 Dungeon Crawl Stone Soup version 0.32-a0-22-g6ae6769602 (webtiles) character file.

Game seed: 17372468824203543150

259354 whatisthis the Warrior (level 19, -5/184 HPs)
             Began as a Purple Draconian Conjurer on Jan 17, 2024.
             Was the Champion of Vehumet.
             Shot with a bolt by a yaktaur captain (39 damage)
             ... on level 1 of the Vaults on Jan 18, 2024.
             The game lasted 02:51:07 (51690 turns).

whatisthis the Warrior (Purple Draconian Conjurer) Turns: 51690, Time: 02:51:07

Health: -5/184     AC: 18    Str:  9      XL:     19   Next: 14%
Magic:  10/42      EV: 18    Int: 40 (42) God:    Vehumet [******]
Gold:   1810       SH:  0    Dex: 10      Spells: 9/56 levels left

rFire   + + .        B - +5 hand axe "Vaxtad" {venom, rF+ rN+ rCorr}
rCold   + . .        S - orb {*channel}
rNeg    + . .        (body armour unavailable)
rPois   .            c - +2 hat
rElec   .            a - scarf {rC+ rF+}
rCorr   +            s - +2 pair of gloves of Impatience {rCorr Int+3}
SInv    .            O - +2 pair of boots {Stlth+}
Will    +++..        m - amulet of regeneration
Stlth   +++          e - ring "Koiptuop" {Will+ Int+6}
HPRegen 1.30/turn    C - +6 ring of intelligence
MPRegen 0.28/turn

%: channel magic (20%)
@: no status effects
A: breathe power, AC +10, unfitting armour, cold-blooded
}: 2/15 runes: decaying, gossamer
a: Breathe Dispelling Energy, Renounce Religion


You were on level 1 of the Vaults.
You worshipped Vehumet.
Vehumet was exalted by your worship.
You visited 8 branches of the dungeon, and saw 34 of its levels.

You collected 3587 gold pieces.
You spent 1777 gold pieces at shops.

Inventory:

Hand Weapons
 B - the +5 hand axe "Vaxtad" (weapon) {venom, rF+ rN+ rCorr}
   (You found it on level 6 of the Dungeon)

   rF+:       It protects you from fire.
   rN+:       It protects you from negative energy.
   rCorr:     It protects you from acid and corrosion.
Missiles
 j - 5 silver javelins
 l - 44 boomerangs
 p - 4 throwing nets
 J - 11 curare-tipped darts
Armour
 a - a scarf of resistance (worn)
 c - a +2 hat (worn)
 g - a +2 cloak
 s - the +2 pair of gloves of Impatience (worn) {rCorr Int+3}
   (You bought it in a shop on level 1 of the Vaults)

   Int+3:     It affects your intelligence (+3).
   rCorr:     It protects you from acid and corrosion.
 O - a +2 pair of boots of stealth (worn)
 S - an orb of energy (worn)
Jewellery
 e - the ring "Koiptuop" (left hand) {Will+ Int+6}
   (You bought it in a shop on level 2 of the Orcish Mines)

   [ring of intelligence]

   Int+6:     It affects your intelligence (+6).
   Will+:     It increases your willpower.
 m - an amulet of regeneration (around neck)
 t - a ring of wizardry
 y - a ring of willpower
 C - a +6 ring of intelligence (right hand)
 D - a ring of see invisible
 W - a ring of protection from fire
Wands
 L - a wand of charming (24)
 M - a wand of roots (12)
 R - a wand of light (13)
 U - a wand of digging (12)
Scrolls
 b - 17 scrolls of teleportation
 f - a scroll of fear
 h - 3 scrolls of fog
 i - 4 scrolls of blinking
 k - 7 scrolls of revelation
 q - a scroll of butterflies
 v - a scroll of acquirement {unknown}
 w - a scroll of silence {unknown}
 A - 3 scrolls of enchant weapon {unknown}
 F - 6 scrolls of amnesia
 I - 2 scrolls of torment {unknown}
 P - 3 scrolls of vulnerability {unknown}
Potions
 d - 12 potions of curing
 n - 8 potions of haste
 o - 2 potions of berserk rage {unknown}
 r - 4 potions of brilliance {unknown}
 u - 7 potions of enlightenment
 x - 9 potions of heal wounds
 z - 2 potions of resistance {unknown}
 G - 2 potions of attraction {unknown}
 K - a potion of magic
 N - 4 potions of lignification
 Q - 2 potions of invisibility {unknown}
 T - a potion of cancellation {unknown}
 V - 6 potions of ambrosia
 Y - 2 potions of mutation {unknown}
 Z - a potion of might {unknown}
Miscellaneous
 H - a lightning rod (3/4)


   Skills:
 + Level 19.6 Fighting
 + Level 16.9 Dodging
 - Level 3.6 Stealth
 + Level 19.1 Spellcasting
 + Level 18.0 Conjurations


You had 9 spell levels left.
You knew the following spells:

 Your Spells              Type           Power      Damage    Failure   Level
a - Magic Dart            Conj           100%       1d8       1%          1
b - Searing Ray           Conj           100%       2d8       1%          2
c - Fulminant Prism       Conj/Alch      42%        3d19      1%          4
d - Iskenderun's Mystic   Conj/Tloc      84%        2d17      1%          4
e - Inner Flame           Hex/Fire       38%        N/A       2%          3
f - Irradiate             Conj/Alch      42%        3d25      1%          5
g - Flame Wave            Conj/Fire      84%        2d18      1%          4
h - Orb of Destruction    Conj           55%        9d14      1%          7
i - Conjure Ball Lightni  Conj/Air       42%        3x3d15    2%          6
j - Fireball              Conj/Fire      42%        3d17      1%          5
k - Bombard               Conj/Erth      42%        9d7       2%          6

Your spell library contained the following spells:

 Spells                   Type           Power      Damage    Failure   Level
 Chain Lightning          Conj/Air       42%        3d56      99%         9
 Maxwell's Capacitive Co  Air            19%        ∞         100%        8
 Polar Vortex             Ice            19%        12d2*     100%        9
 Foxfire                  Conj/Fire      100%       2x1d9     1%          1
 Kiss of Death            Conj/Necr      100%       2d13      1%          1
 Momentum Strike          Conj/Tloc      100%       3d10      1%          2
 Static Discharge         Conj/Air       100%       3-8/arc   1%          2
 Dazzling Flash           Conj/Hex       100%       N/A       1%          3
 Starburst                Conj/Fire      42%        6d12      2%          6
 Blink                    Tloc           76%        N/A       5%          2
 Call Imp                 Summ           76%        N/A       5%          2
 Lesser Beckoning         Tloc           76%        N/A       5%          2
 Sublimation of Blood     Necr           38%        N/A       5%          2
 Airstrike                Air            19%        2d(3-19)  5%          4
 Ignite Poison            Fire/Alch      38%        N/A       5%          4
 Sticky Flame             Fire/Alch      38%        2d8       5%          4
 Confusing Touch          Hex            38%        N/A       8%          3
 Fugue of the Fallen      Necr           38%        N/A       8%          3
 Gell's Gravitas          Tloc           38%        N/A       8%          3
 Ozocubu's Armour         Ice            38%        N/A       8%          3
 Teleport Other           Tloc           38%        N/A       8%          3
 Cause Fear               Hex            19%        N/A       19%         4
 Dispel Undead            Necr           38%        3d16      19%         4
 Manifold Assault         Tloc           38%        N/A       19%         4
 Summon Lightning Spire   Summ/Air       38%        N/A       19%         4
 Summon Forest            Summ/Tloc      19%        N/A       38%         5
 Plasma Beam              Fire/Air       19%        2x1d30    41%         6
 Dispersal                Tloc           19%        N/A       87%         6
 Summon Hydra             Summ           19%        N/A       100%        7
 Ignition                 Fire           19%        3d7       100%        8
 Dragon's Call            Summ           19%        N/A       100%        9


Dungeon Overview and Level Annotations

Branches:
Dungeon (15/15)            Temple (1/1) D:6            Lair (5/5) D:8
  Swamp (4/4) Lair:2       Spider (4/4) Lair:3        Slime (0/5) Lair:4
    Orc (2/2) D:10            Elf (2/3) Orc:2        Vaults (1/5) D:13
 Depths (0/4) D:15

Altars:
Ashenzari
Cheibriados
Dithmenos
Elyvilon
Fedhas
Gozag
Kikubaaqudgha
Makhleb
Okawaru
Qazlal
Ru
Sif Muna
Trog
Uskayaw
Vehumet
Wu Jian
Xom
Yredelemnul
Zin
The Shining One
Lugonu

Shops:
D:3 [   D:4 [   D:11 *   D:12 :   Orc:1 *   Orc:2 [*(=   Elf:1 (   Elf:2 =(
Vaults:1 [

Portals:
Desolation: Vaults:1

Annotations:
Spider:1 1 runed translucent door, Isko's ghost, journeyman TrSh
Elf:2 3 runed translucent doors


Innate Abilities, Weirdness & Mutations

You can breathe bolts of dispelling energy.
Your rich purple scales are hard. (AC +10)
You cannot fit into any form of body armour.
You are cold-blooded and may be slowed by cold attacks.


Message History

The yaktaur captain is lightly wounded.
The yaktaur captain is knocked back by the mystic blast.
The yaktaur captain slams into the stone wall!
The yaktaur captain is moderately wounded.
Unknown command.
Casting: Iskenderun's Mystic Blast (mildly dangerous; 1% risk of failure)
Confirm with . or Enter, or press ? or * to list all spells.
You erupt in a blast of force!
The mystic blast hits the yaktaur captain.
The yaktaur captain is moderately wounded.
The yaktaur captain is knocked back by the mystic blast.
The yaktaur captain slams into the stone wall!
The mystic blast hits the lindwurm!!
You kill the lindwurm!
Vehumet accepts your kill.
You feel your power returning.
Your Conjurations skill increases to level 18!
Unknown command.
You hear the whistling of a wind nearby.
The yaktaur captain shoots a bolt.
The bolt hits you!!
Casting: Iskenderun's Mystic Blast (mildly dangerous; 1% risk of failure)
Confirm with . or Enter, or press ? or * to list all spells.
Aiming: Orb of Destruction (mildly dangerous; 1% risk of failure)
Press: ? - help, Shift-Dir - straight line, f/p - yaktaur captain
Aim: a yaktaur captain, wielding a +0 arbalest (lightly wounded)
The yaktaur captain shoots a bolt.
The bolt hits you!!
Your orb of destruction hits a stone wall.
The yaktaur captain shoots a bolt.
The bolt hits you!!
Casting: Orb of Destruction (mildly dangerous; 1% risk of failure)
Confirm with . or Enter, or press ? or * to list all spells.
Aiming: Orb of Destruction (mildly dangerous; 1% risk of failure)
Press: ? - help, Shift-Dir - straight line, f/p - yaktaur captain
Aim: a yaktaur captain, wielding a +0 arbalest (lightly wounded)
You hear a shout!
The yaktaur captain shoots a bolt.
The bolt misses you.
The yaktaur captain shoots a bolt.
The bolt hits you!!
* * * LOW HITPOINT WARNING * * *
Your orb of destruction hits a stone wall.
The yaktaur captain shoots a bolt.
The bolt hits you!!!
You die...

###+### #.....#######
#....c# #...)........
#.$k.#.†.#.c..##..)#########
#### ##c## ####...#........
#####'#########.)#.#.....#
#.....○○......#..'.##...##
#.......○.....#.)#).##.##.
#.......○.....#..#...###..
#.......)@....#..#.>..#...
#.............'..#...###..
#.............#..#..##.##.
#.............#..#.##...##
#.............#..#.#.....#
#.............#..+........
#.............#..#########
##############... ...


You could see a yaktaur captain.

Vanquished Creatures
  the Lernaean hydra (Swamp:4)
  Arachne (Spider:4)
  Mlioglotl (Swamp:2)
  Kirke (D:12)
  Agnes (Elf:1)
  2 thorn hunters
  Roxanne (Swamp:1)
  A deep elf sorcerer (Elf:1)
  2 emperor scorpions (Spider:4)
  3 ghost moths
  An orc warlord (Orc:2)
  5 broodmothers
  A deep elf death mage (Elf:1)
  6 eleionomae
  3 spark wasps
  12 bunyips
  A fire dragon (D:14)
  3 shambling mangroves
  A yaktaur captain (Vaults:1)
  4 entropy weavers
  2 rakshasas (D:15)
  2 vault guards (D:13)
  An ironbound frostheart (D:13)
  9 alligators
  21 hydras
  3 jorogumos
  5 centaur warriors
  7 boulder beetles
  A spriggan air mage (Swamp:3)
  4 radroaches
  9 dancing weapons
  A death knight (D:13)
  A ghost crab (Swamp:4)
  2 hell hogs (Lair:5)
  5 two-headed ogres
  11 demonic crawlers
  12 death yaks
  6 orc high priests
  A skyshark (Lair:4)
  11 spriggans
  Sonja (Lair:5)
  5 deep elf knights
  6 pharaoh ants
  3 skeletal warriors
  2 goliath frogs
  2 death drakes (Swamp:3)
  7 orb spiders
  10 swamp dragons
  12 deep elf archers
  2 bog bodies
  5 spriggan druids
  An ironbound convoker (Vaults:1)
  A phantasmal warrior (D:13)
  4 lindwurms
  5 orc sorcerers
  4 orc knights (Orc:2)
  15 deep elf pyromancers
  A necromancer (D:15)
  9 steelbarb worms
  A harpy (shapeshifter) (D:14)
  34 wolf spiders
  4 will-o-the-wisps
  18 deep elf zephyrmancers
  A cyclops (shapeshifter) (D:14)
  7 ugly things
  4 cyclopes
  11 moths of wrath
  2 manticores
  8 elephants
  8 black mambas
  7 meliai
  A kobold blastminer (Orc:2)
  2 molten gargoyles (Lair:5)
  A centaur zombie (D:15)
  2 centaur skeletons (D:15)
  2 gargoyles (D:11)
  6 torpor snails
  16 cane toads
  A kobold demonologist (D:11)
  An efreet (D:13)
  5 yaktaurs (Vaults:1)
  2 rime drakes
  17 komodo dragons
  4 freezing wraiths
  Psyche (D:8)
  2 tengu conjurers (D:15)
  7 trolls
  2 polar bears
  A bloated husk (Swamp:3)
  31 tarantellas
  5 tyrant leeches
  16 hornets
  Prince Ribbit (Lair:1)
  21 blink frogs
  A raiju (shapeshifter) (Elf:1)
  44 jumping spiders
  10 slime creatures
  3 air elementals
  18 culicivoras
  2 shadows
  A vampire (D:13)
  2 wraiths
  5 hogs (D:12)
  48 yaks
  16 wyverns
  2 water elementals (Elf:1)
  Eustachio (D:3)
  4 wargs
  A fire elemental (Elf:2)
  3 humans (D:13)
  6 basilisks
  75 redbacks
  4 vampire mosquitoes (D:12)
  A steam dragon (D:9)
  14 swamp worms
  3 acid dragons
  16 water moccasins
  4 hell hounds (Lair:5)
  9 swamp drakes
  6 black bears
  37 orc warriors
  5 ogres
  14 wolves
  The ghost of Azoth the Ruffian, an amateur DrSh (D:6)
  13 centaurs
  5 boggarts (Vaults:1)
  6 kobold brigands
  6 bullfrogs
  A gnoll sergeant (D:12)
  2 earth elementals
  4 scorpions
  13 wights
  4 killer bees (D:8)
  10 howler monkeys
  5 electric eels
  4 lava snakes (Lair:5)
  2 jellies
  A gnoll bouda (D:3)
  12 orc priests
  A sleepcap (D:6)
  A boggart zombie (D:15)
  18 orc wizards
  9 gnolls
  4 adders
  A shadow imp (D:5)
  2 white imps
  6 ufetubi
  2 dart slugs
  3 ribbon worms
  94 orcs
  5 bats
  8 endoplasms
  3 giant cockroaches
  9 goblins
  A hobgoblin (D:2)
  4 ball pythons
  3 frilled lizards
  27 kobolds
  6 rats
  A fulminant prism (D:12)
1164 creatures vanquished.

Vanquished Creatures (others)
  A deep elf knight (Elf:1)
  2 ball lightnings (Elf:1)
  8 foxfires
  53 fulminant prisms
64 creatures vanquished.

Grand Total: 1228 creatures vanquished

Notes
Turn   | Place    | Note
-------+----------+-------------------------------------------
     0 | D:1      | whatisthis the Draconian Conjurer began the quest for the
                  | Orb.
     0 | D:1      | Reached XP level 1. HP: 14/14 MP: 3/3
   473 | D:1      | Reached XP level 2. HP: 15/20 MP: 0/5
  1336 | D:1      | Learned a level 2 spell: Searing Ray
  1562 | D:2      | Reached XP level 3. HP: 26/26 MP: 4/7
  2689 | D:3      | Identified the +5 arbalest of Charity {heavy, rElec}
  2799 | D:3      | Reached XP level 4. HP: 33/33 MP: 8/8
  3125 | D:4      | Found Qemis's Armour Emporium.
  3137 | D:4      | Reached skill level 5 in Conjurations
  3375 | D:3      | Reached XP level 5. HP: 14/38 MP: 10/10
  3424 | D:4      | Noticed Eustachio
  3425 | D:4      | Identified the +5 sling of Calamity {freeze, rF- rN+++
                  | Int+6 Dex-4}
  3645 | D:3      | Killed Eustachio
  3646 | D:3      | Reached XP level 6. HP: 44/45 MP: 2/12
  4089 | D:5      | Entered Level 5 of the Dungeon
  4421 | D:5      | Reached skill level 5 in Spellcasting
  4548 | D:5      | Your scales start taking on a rich purple colour.
  4548 | D:5      | Reached XP level 7. HP: 50/50 MP: 11/16
  5077 | D:6      | Found a staircase to the Ecumenical Temple.
  5086 | Temple   | Entered the Ecumenical Temple
  5097 | Temple   | Became a worshipper of Vehumet
  5224 | D:6      | Found a burning altar of Makhleb.
  5390 | D:6      | Identified the +5 hand axe "Vaxtad" {venom, rF+ rN+ rCorr}
  5782 | D:6      | Found a runed translucent door.
  5788 | D:6      | Noticed Azoth's ghost (amateur DrSh)
  5919 | D:6      | Reached XP level 8. HP: 51/57 MP: 12/19
  6239 | D:6      | Learned a level 4 spell: Fulminant Prism
  6836 | D:7      | Found an opulent altar of Gozag.
  7444 | D:7      | Reached XP level 9. HP: 61/62 MP: 13/22
  7721 | D:7      | Reached * piety under Vehumet
  7721 | D:7      | Offered knowledge of Sting by Vehumet.
  7916 | D:7      | Reached skill level 10 in Spellcasting
  8035 | D:8      | Reached skill level 10 in Conjurations
  8255 | D:7      | Learned a level 4 spell: Iskenderun's Mystic Blast
  8260 | D:8      | Noticed Psyche
  8268 | D:8      | Killed Psyche
  8798 | D:7      | Reached XP level 10. HP: 13/69 MP: 18/25
  8945 | D:8      | Offered knowledge of Foxfire by Vehumet.
  8949 | D:8      | Reached ** piety under Vehumet
  9008 | D:8      | Found a staircase to the Lair.
  9110 | D:8      | Noticed a +0 short sword
  9110 | D:8      | Noticed a +0 falchion
  9111 | D:8      | Noticed a +0 falchion
  9112 | D:8      | Noticed a +0 spear
  9112 | D:8      | Noticed a +0 dagger
  9112 | D:8      | Noticed a +0 dagger
  9113 | D:8      | Noticed a +0 spear
  9114 | D:8      | Noticed a +0 short sword
  9118 | D:8      | Found a hide-covered altar of Uskayaw.
  9203 | D:8      | Found a shadowy altar of Dithmenos.
  9349 | D:9      | Noticed a red ugly thing
  9478 | D:9      | Noticed a cyan ugly thing
  9499 | D:9      | Killed a cyan ugly thing
  9857 | Lair:1   | Entered Level 1 of the Lair of Beasts
  9860 | Lair:1   | Noticed a cane toad
  9863 | Lair:1   | Reached skill level 1 in Fighting
  9866 | Lair:1   | Killed a cane toad
 10119 | Lair:1   | Offered knowledge of Momentum Strike by Vehumet.
 10161 | Lair:1   | Noticed a cane toad
 10161 | Lair:1   | Noticed a black mamba
 10173 | D:8      | Reached skill level 5 in Fighting
 10224 | D:8      | Killed a black mamba
 10225 | D:8      | Reached XP level 11. HP: 64/88 MP: 17/27
 10278 | D:8      | Reached skill level 5 in Dodging
 10430 | D:8      | Reached *** piety under Vehumet
 10863 | Lair:1   | Identified the +8 long sword of Histrionic Purpose {chaos,
                  | rElec rN+++ Str-2 Dex-5}
 11045 | D:8      | Offered knowledge of Inner Flame by Vehumet.
 11179 | D:8      | Learned a level 3 spell: Inner Flame
 12388 | Lair:2   | Noticed Prince Ribbit
 12388 | Lair:2   | Noticed a lindwurm
 12392 | Lair:1   | Killed Prince Ribbit
 12465 | Lair:1   | Killed a lindwurm
 12713 | Lair:2   | Reached XP level 12. HP: 105/105 MP: 15/28
 12944 | Lair:2   | Found a gate leading to a gauntlet.
 13320 | Lair:2   | Reached skill level 10 in Fighting
 13372 | Lair:2   | Reached **** piety under Vehumet
 13576 | Lair:2   | Noticed a six-headed hydra
 13582 | Lair:2   | Killed a six-headed hydra
 13692 | Lair:2   | You fall into a shaft and drop 2 floors!
 14480 | Lair:2   | Found a staircase to the Swamp.
 14492 | Lair:2   | Offered knowledge of Irradiate by Vehumet.
 14541 | Lair:2   | Learned a level 5 spell: Irradiate
 15194 | Lair:3   | Reached skill level 10 in Dodging
 15194 | Lair:3   | Noticed a seven-headed hydra
 15247 | Lair:3   | Killed a seven-headed hydra
 15552 | Lair:3   | Found a hole to the Spider Nest.
 16152 | Lair:4   | Noticed a six-headed hydra
 16171 | Lair:4   | Killed a six-headed hydra
 16265 | Lair:4   | Found a staircase to the Slime Pits.
 16510 | Lair:4   | Reached XP level 13. HP: 119/119 MP: 26/29
 17009 | Lair:5   | Entered Level 5 of the Lair of Beasts
 17501 | Lair:4   | Reached ***** piety under Vehumet
 17591 | Lair:4   | Offered knowledge of Ignite Poison by Vehumet.
 18652 | Lair:5   | Noticed Sonja
 18668 | Lair:5   | Killed Sonja
 19869 | Lair:5   | Reached XP level 14. HP: 112/129 MP: 24/31
 20816 | Lair:5   | Found a large runed translucent door.
 20817 | Lair:5   | Found a large runed translucent door.
 22271 | D:10     | Entered Level 10 of the Dungeon
 22565 | D:10     | Found a blossoming altar of Fedhas.
 22568 | D:10     | Found a glowing golden altar of the Shining One.
 22672 | D:10     | Offered knowledge of Flame Wave by Vehumet.
 22809 | D:10     | Found a staircase to the Orcish Mines.
 22996 | D:10     | Found a glowing silver altar of Zin.
 23164 | D:10     | Learned a level 4 spell: Flame Wave
 23242 | D:11     | Found Hufig's General Store.
 23423 | D:11     | Bought a potion of curing for 39 gold pieces
 23423 | D:11     | Bought a scroll of enchant armour for 97 gold pieces
 23423 | D:11     | Bought a +0 pair of gloves for 58 gold pieces
 23659 | D:11     | Found a stormy altar of Qazlal.
 24055 | D:12     | Reached skill level 15 in Spellcasting
 24687 | D:12     | Found Lofoitse's Book Emporium.
 25073 | D:13     | Noticed Kirke
 25101 | D:12     | Offered knowledge of Orb of Destruction by Vehumet.
 25102 | D:12     | Killed Kirke
 25224 | D:13     | Learned a level 7 spell: Orb of Destruction
 26207 | D:13     | Reached XP level 15. HP: 138/138 MP: 17/34
 26285 | D:13     | Found a gate to the Vaults.
 27775 | D:15     | Entered Level 15 of the Dungeon
 28197 | D:15     | Found a corrupted altar of Lugonu.
 28201 | D:15     | Got Lugonu's Grimoire of the Jolly Knives
 28446 | D:15     | Reached skill level 15 in Fighting
 28989 | D:15     | Found a staircase to the Depths.
 29085 | D:15     | Upgraded the game from 0.32-a0-18-g89e19f1974 to
                  | 0.32-a0-20-ge526923d97
 29208 | Orc:1    | Entered Level 1 of the Orcish Mines
 29615 | Orc:1    | Found Reckiurima's CLEARANCE SALE!.
 29648 | Orc:1    | Bought a scroll of blinking for 22 gold pieces
 29743 | Orc:2    | Entered Level 2 of the Orcish Mines
 29743 | Orc:2    | Found a staircase to the Elven Halls.
 30006 | Orc:2    | Offered knowledge of Conjure Ball Lightning by Vehumet.
 30421 | Orc:2    | Found Taazuozuroh's Antique Weapon Boutique.
 30587 | Orc:2    | Reached skill level 15 in Conjurations
 30843 | Orc:2    | Found Qujeput's Jewellery Shop.
 30916 | Orc:2    | Found Fekher's General Store.
 31006 | Orc:2    | Found Difazo's Antique Armour Shoppe.
 31598 | Orc:2    | Learned a level 6 spell: Conjure Ball Lightning
 31624 | Orc:2    | Bought the ring "Koiptuop" {Will+ Int+6} for 826 gold
                  | pieces
 31940 | D:4      | Bought a +2 pair of boots of stealth for 301 gold pieces
 32097 | Elf:1    | Entered Level 1 of the Elven Halls
 32392 | Elf:1    | Reached XP level 16. HP: 96/149 MP: 6/36
 32595 | Elf:1    | Noticed Agnes
 32602 | Elf:1    | Killed Agnes
 33160 | Elf:1    | Got the Quarto of Creative Kinetic Energy
 33235 | Elf:1    | Found Denum's Weapon Shoppe.
 33921 | Elf:2    | Offered knowledge of Iskenderun's Battlesphere by Vehumet.
 33998 | Elf:2    | Paralysed by an air elemental for 1 turns
 34286 | Elf:2    | Found Ytewn's Jewellery Shop.
 34355 | Elf:2    | Found Boscheju's Antique Weapon Boutique.
 34606 | Elf:2    | Found a runed translucent gate.
 34606 | Elf:2    | Found a runed translucent gate.
 34606 | Elf:2    | Found a runed translucent gate.
 34899 | D:6      | Killed Azoth's ghost
 35091 | Swamp:1  | Entered Level 1 of the Swamp
 35895 | Swamp:1  | Noticed Roxanne
 35908 | Swamp:1  | Killed Roxanne
 36291 | Swamp:1  | Learned a level 5 spell: Fireball
 36919 | Swamp:2  | Offered knowledge of Bombard by Vehumet.
 36983 | Swamp:2  | Learned a level 6 spell: Bombard
 37703 | Swamp:3  | Reached XP level 17. HP: 156/156 MP: 25/39
 37950 | Swamp:3  | Noticed Mlioglotl
 39357 | Swamp:4  | Entered Level 4 of the Swamp
 40190 | Swamp:4  | Identified the +2 robe of the Chupacabra {rC+ Regen+ Int+3
                  | Dex-4}
 40668 | Swamp:4  | Offered knowledge of Starburst by Vehumet.
 40876 | Swamp:4  | Noticed the 27-headed Lernaean hydra
 40947 | Swamp:4  | Killed the 27-headed Lernaean hydra
 41199 | Swamp:4  | Got a decaying rune of Zot
 41608 | Swamp:2  | Killed Mlioglotl
 41772 | Spider:1 | Entered Level 1 of the Spider Nest
 42863 | Spider:1 | Found a runed translucent door.
 42863 | Spider:1 | Found a shimmering altar of Xom.
 42863 | Spider:1 | Noticed Isko's ghost (journeyman TrSh)
 42863 | Spider:1 | Found the amulet of Vitality {RegenMP++ Regen++}
 42872 | Spider:1 | Identified the +9 dire flail of Compound Interest {chaos,
                  | rN+ Str+4}
 43512 | Spider:1 | Reached XP level 18. HP: 170/170 MP: 36/41
 44028 | Spider:2 | Reached skill level 15 in Dodging
 44407 | Spider:2 | Reached ****** piety under Vehumet
 44997 | Spider:2 | Offered knowledge of Chain Lightning by Vehumet.
 44997 | Spider:2 | Offered knowledge of Polar Vortex by Vehumet.
 44997 | Spider:2 | Offered knowledge of Maxwell's Capacitive Coupling by
                  | Vehumet.
 46884 | Spider:3 | Identified the +3 falchion of Dung {freeze, rN++ Dex+2}
 48141 | Spider:4 | Entered Level 4 of the Spider Nest
 49783 | Spider:4 | Reached XP level 19. HP: 122/183 MP: 2/42
 50209 | Spider:4 | Noticed Arachne
 50360 | Spider:4 | Killed Arachne
 50776 | Spider:4 | Got a gossamer rune of Zot
 51127 | Lair:1   | Upgraded the game from 0.32-a0-20-ge526923d97 to
                  | 0.32-a0-22-g6ae6769602
 51278 | Vaults:1 | Entered Level 1 of the Vaults
 51293 | Vaults:1 | Found a crumbling gateway.
 51320 | Vaults:1 | Found Xyngi's Armour Emporium.
 51387 | Vaults:1 | Bought the +2 pair of gloves of Impatience {rCorr Int+3}
                  | for 434 gold pieces
 51690 | Vaults:1 | Shot with a bolt by a yaktaur captain

Illustrated notes

Levels and vault maps discovered:
D:1:      lightli_arrival_quake, layout_loops_corners, minmay_quantized
D:2:      layout_basic, minmay_cut_off
D:3:      layout_loops_ring
D:4:      layout_cave_pools, serial_shops, shop, serial_bayou_pond_d,
          uniq_eustachio
D:5:      layout_loops_cross, dreamdust_wishing_well, wad_woods_river_04
D:6:      layout_cave_pods, lightli_temple_of_fire,
          minmay_temple_entry_statues_fountains, ebering_ghost_reflecting_pool
D:7:      layout_loops_corners, overflow_temple_1_default
D:8:      layout_rooms, nicolae_uskayaw_en_pointe, grunt_dithmenos_smoke,
          minmay_lair_entry_grove, uniq_psyche
D:9:      minmay_goldmine, layout_loops_ring, enter_bailey_3,
          kennysheep_generic_room_6
D:10:     layout_basic, zin_treasury, nicolae_overflow_hidden_temple,
          erik_orc_3, due_unseen_surprise
D:11:     layout_rooms, serial_shops, nicolae_shop_peninsula,
          amcnicky_mini_corridor_feature, hex_large,
          nicolae_qazlal_scattered_showers
D:12:     layout_cave_pools, serial_shops, nicolae_book_shop_shelving
D:13:     layout_small_grid, hellmonk_vaults_keyhole, uniq_kirke
D:14:     layout_loops_ring, kennysheep_big_empty_room
D:15:     grunt_enter_depths_magical_seal, layout_small_grid, tgw_lugonu_bribe
Temple:   nicolae_temple_bog_church
Lair:1:   layout_regular_city, grunt_forest_small_clearing_treed,
          serial_bayou_shore_a, grunt_megastairs_4
Lair:2:   layout_chaotic_city, nicolae_swamp_entry_splash_gauntlet,
          gauntlet_entry_generic, patterned_corridor, uniq_prince_ribbit2
Lair:3:   layout_long_grid, spider_nest_entry_rubble, nicolae_lair_lil_pond,
          grunt_megastairs_3
Lair:4:   layout_regular_city, slime_entry_1, infiniplex_staircase_pool_2
Lair:5:   cheibrodos_lair_end_hotspot, layout_cellular_growth,
          lemuel_fruit_fields, uniq_sonja
Swamp:1:  layout_basic_swamp, evilmike_swamp_ruin_house_2, swamp_pool_4,
          hangedman_swamp_grove, uniq_roxanne
Swamp:2:  layout_basic_swamp, hangedman_swamp_ruin_hall
Swamp:3:  layout_basic_swamp, nicolae_swamp_feature_on_the_river_bank,
          swamp_pool_1_2, nicolae_swamp_drake_lake, uniq_mlioglotl
Swamp:4:  swamp_old_school, layout_basic_swamp, infiniplex_staircase_pool
Spider:1: layout_chambers, ebering_ghost_xom, spiders_nest_spider_trap,
          hangedman_spider_tarantella_strand
Spider:2: layout_spider_delve, nicolae_spider_bug_shape
Spider:3: layout_spider_delve
Spider:4: grunt_spider_rune_parallel, uniq_arachne
Orc:1:    layout_diamond_mine, nicolae_shop_clearance
Orc:2:    grunt_orc_gardens, layout_diamond_mine, grunt_orc_garden,
          grunt_orc_garden, grunt_orc_garden, grunt_orc_garden
Elf:1:    minmay_elf_arrival_circle, layout_rooms, serial_shops, shop,
          minmay_elf_sorcery, grunt_ministairs_9, dreamdust_deal_with_the_devil,
          uniq_agnes
Elf:2:    nicolae_elf_blades_splatter_lattice [nicolae_blade_entry_pointy_end],
          layout_rooms, minmay_shoptagon
Vaults:1: portal_desolation_entry_nicolae_slug, nicolae_vaults_triangles,
          vaults_standard_mumra_x, nicolae_vaults_turnstiles, v_rooms_5,
          nicolae_vaults_tangram_2, vaults_room_fancy_cross,
          vaults_room_ringed_pool, st_lines, v_misc_9,
          nicolae_vaults_trapezoid_3, layout_vaults_omnibox, serial_shops, shop,
          nicolae_shop_stone, uniq_aizul

Skill      XL: |  1  2  3  4  5  6  7  8  9 10 11 12 13 14 15 16 17 18 19 |
---------------+----------------------------------------------------------+-----
Spellcasting   | 3 4 6 7 9 11 12 13 15 16 18 19 | 19.1
Conjurations   | 5 6 7 9 11 13 14 15 17 18 | 18.0
Fighting       | 5 9 12 13 14 15 17 19 | 19.6
Dodging        | 4 8 10 11 12 13 14 16 | 16.9
Stealth        | 3 |  3.6

Action                     |  1- 3 |  4- 6 |  7- 9 | 10-12 | 13-15 | 16-18 | 19-21 || total
---------------------------+-------+-------+-------+-------+-------+-------+-------++-------
  Melee: Unarmed           |    21 |       |       |       |       |       |       ||    21
         Tailslap          |     3 |       |     1 |    13 |    19 |     4 |       ||    40
         Dagger            |       |       |     8 |       |       |       |       ||     8
         Punch             |       |       |     1 |       |       |       |       ||     1
         Hand axe          |       |       |       |    42 |    75 |    21 |     6 ||   144
   Fire: Arbalest          |     6 |    17 |       |       |       |       |       ||    23
         Sling             |       |    33 |    95 |   119 |    64 |       |       ||   311
   Cast: Magic Dart        |    79 |       |       |    44 |    71 |     2 |       ||   196
         Searing Ray       |     2 |    17 |    68 |    62 |    31 |     2 |       ||   182
         Fulminant Prism   |       |       |    11 |    14 |    28 |       |     1 ||    54
         Iskenderun's Myst |       |       |       |   204 |   298 |   334 |    21 ||   857
         Irradiate         |       |       |       |     5 |    36 |     9 |     2 ||    52
         Inner Flame       |       |       |       |     2 |       |       |       ||     2
         Orb of Destructio |       |       |       |       |   114 |   299 |    27 ||   440
         Flame Wave        |       |       |       |       |    30 |       |       ||    30
         Fireball          |       |       |       |       |       |   197 |     7 ||   204
         Conjure Ball Ligh |       |       |       |       |       |     1 |       ||     1
         Bombard           |       |       |       |       |       |    19 |     4 ||    23
Ability: Breathe Dispellin |       |       |     5 |     1 |     1 |       |       ||     7
  Evoke: Wand              |       |       |       |    10 |       |     8 |       ||    18
         Lightning rod     |       |       |       |       |       |     2 |       ||     2
    Use: Potion            |       |     1 |       |       |       |     4 |     1 ||     6
         Scroll            |       |       |       |     9 |     8 |    10 |     1 ||    28
 Armour: Skin              |    22 |    45 |   150 |   204 |   472 |   300 |    30 ||  1223
  Dodge: Dodged            |    22 |    31 |    94 |   131 |   349 |   188 |    20 ||   835
  Block: Buckler           |       |       |       |    24 |    29 |       |       ||    53

Table legend: (Time is in decaauts)
 A = Elapsed time spent in this place.
 B = Non-inter-level travel time spent in this place.
 C = Inter-level travel time spent in this place.
 D = Time resting spent in this place.
 E = Time spent auto-exploring this place.
 F = Levels seen in this place.
 G = Mean time per level.
                   A        B        C        D        E       F      G
               +--------+--------+--------+--------+--------+-----+--------+
         Total |  52514 |  49282 |   3232 |  19942 |  15926 |  34 | 1544.5 |
       Dungeon |  20340 |  18526 |   1814 |   5896 |   8702 |  15 | 1356.0 |
        Temple |     25 |     15 |     10 |      0 |      0 |   1 |   25.0 |
          Lair |  10238 |   9672 |    566 |   3550 |   3362 |   5 | 2047.6 |
         Swamp |   6962 |   6729 |    233 |   3310 |   1167 |   4 | 1740.5 |
   Spider Nest |   9373 |   9136 |    237 |   4783 |   1570 |   4 | 2343.2 |
  Orcish Mines |   2553 |   2313 |    240 |   1090 |    711 |   2 | 1276.5 |
   Elven Halls |   2608 |   2478 |    130 |   1131 |    413 |   2 | 1304.0 |
        Vaults |    411 |    411 |      0 |    181 |      0 |   1 |  411.0 |
               +--------+--------+--------+--------+--------+-----+--------+

Top non-repeatable levels by time:
  Lair:5: 3154 daAuts
Spider:3: 2934 daAuts
Spider:1: 2798 daAuts
     D:8: 2636 daAuts
  Lair:4: 2319 daAuts
Spider:4: 2195 daAuts
     D:7: 2106 daAuts
 Swamp:4: 2089 daAuts
  Lair:1: 1779 daAuts
   Elf:1: 1754 daAuts
 Swamp:1: 1700 daAuts
 Swamp:3: 1687 daAuts
     D:6: 1638 daAuts
  Lair:2: 1628 daAuts
    D:11: 1590 daAuts
